Cogmind - Beta 9.3 @@@ ROGUE MODE // 2020.01.01 @ 09:25:09 // Winter2019/RPGLIKE Player: BadAss McGhee Result: Destroyed by as-95817 with Assembled Rifle Performance ------------- Evolutions (0) 0 Regions Visited (3) 600 Robots Destroyed (22) 110 Value Destroyed (447) 447 Prototype IDs (0) 0 Alien Tech Used (0) 0 Bonus (0) 0 TOTAL SCORE: 1157 Bonus ------- None Cogmind --------- Core Integrity 0/600 Matter 295/300 Energy 260/260 System Corruption 0% Temperature Cool (0) Movement Treading (160) Location -10/Exiles Parts ------- > --- POWER (1) -------- Light Nuclear Core > --- PROPULSION (2) --- Light Treads Light Treads > --- UTILITY (2) ------ Visual Processing Unit Signal Interpreter > --- WEAPON (3) ------- EM Pulse Gun Maul > --- INVENTORY (2) ---- Experimental Sensor Array Peak State ------------ > --- POWER ------------ Light Nuclear Core > --- PROPULSION ------- Light Treads Light Treads > --- UTILITY ---------- Visual Processing Unit Signal Interpreter > --- WEAPON ----------- EM Shotgun Medium Laser Maul > --- INVENTORY -------- EM Pulse Gun [Rating: 13] Favorites ----------- Power Light Nuclear Core Engine Light Ion Engine Power Core Light Nuclear Core Propulsion Light Treads Treads Light Treads Utility Signal Interpreter Processor Signal Interpreter Weapon Medium Laser Energy Gun Medium Laser Impact Weapon Maul Build | -11 -10 -10 -10 ------- Run | Scr Mat Min Exi Slots Evolved 4 | 3 . 1 . Power . | . . . . Propulsion 1 | 1 . . . Utility 1 | 1 . . . Weapon 2 | 1 . 1 . Parts Attached 16 | 5 8 2 1 Power 3 | 1 2 . . Engine 2 | 1 1 . . Core 1 | . 1 . . Reactor . | . . . . Propulsion 2 | 2 . . . Treads 2 | 2 . . . Leg . | . . . . Wheel . | . . . . Hover . | . . . . Flight . | . . . . Utility 4 | . 4 . . Device . | . . . . Storage . | . . . . Processor 4 | . 4 . . Hackware . | . . . . Protection . | . . . . Artifact . | . . . . Weapon 7 | 2 2 2 1 Energy Gun 6 | 2 1 2 1 Energy Cannon . | . . . . Ballistic Gun . | . . . . Ballistic Cannon . | . . . . Launcher . | . . . . Special Weapon . | . . . . Impact Weapon 1 | . 1 . . Slashing Weapon . | . . . . Piercing Weapon . | . . . . Special Melee Weapon . | . . . . Unidentified Prototypes . | . . . . Parts Lost 2 | . . . 2 Power . | . . . . Propulsion . | . . . . Utility . | . . . . Weapon 2 | . . . 2 Highest Loss Streak 2 | . . . 2 Average Slot Usage (%) 92 | . 86 100 99 Engine 3 | . 5 . . Core 10 | . 8 12 12 Treads 26 | . 28 25 25 Processor 19 | . 15 25 25 Energy Gun 23 | . 24 22 24 Impact Weapon 7 | . 3 12 12 Naked Turns . | . . . . Heaviest Build 13 | 7 10 13 13 Greatest Support 40 | 40 40 40 40 Greatest Overweight (x) 2 | 2 . . . Average Overweight (x) . | . . . . Largest Inventory Capacity 2 | 2 2 2 2 Average Capacity 2 | 2 2 2 2 Most Carried 2 | 1 2 2 2 Average Carried 1 | . 1 1 1 Final Capacity 2 | 2 2 2 2 Final Carried 2 | 1 2 2 1 Class Distribution -------------------- 100% | Mutant Dominant Class ---------------- Mutant | -10/Materials Mutant | -10/Mines Mutant | -10/Exiles Resources | -11 -10 -10 -10 ----------- Run | Scr Mat Min Exi Matter Collected 350 | 197 133 20 . Remotely . | . . . . Salvage Created 480 | . 395 66 19 Parts 44 | . 26 18 . Haulers Intercepted . | . . . . Recyclers Shooed . | . . . . Parts Field Recycled . | . . . . Retrieved Matter . | . . . . Parts Self-Destructed . | . . . . Prevented . | . . . . Kills | -11 -10 -10 -10 ------- Run | Scr Mat Min Exi Combat Hostiles Destroyed 18 | . 11 6 1 Guns 16 | . 11 4 1 AOE 2 | . . 2 . Classes Destroyed 6 | . 4 1 1 Worker 1 | . . 1 . Operator 1 | . 1 . . Watcher 2 | . 2 . . Swarmer 9 | . 3 6 . Grunt 8 | . 8 . . Assembled 1 | . . . 1 Best Kill Streak 5 | . 5 4 1 Combat Bots Only 5 | . 5 3 1 Max Kills in Single Turn 3 | . 2 3 1 Gunslinging 1 | . 1 . . Exploded 2 | . . 2 . Melee . | . . . . Uniques/NPCs Destroyed . | . . . . Combat | -11 -10 -10 -10 -------- Run | Scr Mat Min Exi Damage Taken 1111 | . 493 179 439 Core 873 | . 406 139 328 Absorbed by Shields . | . . . . Redirected to Core 655 | . 271 123 261 Core Remaining (%) 100 | 100 . . . Volleys Fired 87 | . 55 13 19 Largest 2 | . 2 1 1 Hottest 95 | . 95 50 50 Shots Fired 122 | . 90 13 19 Gun 122 | . 90 13 19 Cannon . | . . . . Launcher . | . . . . Special . | . . . . Kinetic . | . . . . Thermal 69 | . 55 9 5 Explosive . | . . . . Electromagnetic 53 | . 35 4 14 Robot Hit Streak 18 | . 18 10 8 Robot Miss Streak 3 | . 3 2 2 Penetration Max . | . . . . Secondary Targets 2 | . 2 . . Max Gunslinging Chain 1 | . 1 . . Shots Hit Robots 85 | . 71 6 8 Core Hits 41 | . 26 9 6 Critical Hits . | . . . . Critical Kills . | . . . . Critical Parts Destroyed . | . . . . Melee Attacks . | . . . . Impact . | . . . . Slashing . | . . . . Piercing . | . . . . Sneak Attacks . | . . . . Combat Hostiles . | . . . . Follow-up Attacks . | . . . . Damage Inflicted 1233 | . 1008 183 42 Guns 1088 | . 945 101 42 Cannons . | . . . . Explosions 145 | . 63 82 . Melee . | . . . . Ramming . | . . . . Kinetic . | . . . . Thermal 656 | . 521 132 3 Explosive . | . . . . Electromagnetic 577 | . 487 51 39 Impact . | . . . . Slashing . | . . . . Piercing . | . . . . Highest Corruption . | . . . . Average Corruption . | . . . . Corruption Purged . | . . . . Overload Shots . | . . . . Overflow Damage 9 | . 9 . . Projectiles . | . . . . Explosions 9 | . 9 . . Melee . | . . . . Knockbacks . | . . . . Impact . | . . . . Kinetic . | . . . . Secondary . | . . . . Self-Inflicted Damage 38 | . 9 29 . Shots 2 | . 1 1 . Rammed . | . . . . Targets Rammed . | . . . . Kicked . | . . . . Crushed . | . . . . Highest Temperature 479 | . 479 14 9 Average Temperature 115 | . 128 6 5 Received Heat Transfer 332 | . 252 . 80 Effects 8 | . 8 . . Shutdowns 2 | . 2 . . Matter Decay 1 | . 1 . . Short Circuit 2 | . 2 . . Damage (minor) 3 | . 3 . . Siege Activations . | . . . . Robots Corrupted . | . . . . Combat Hostiles . | . . . . Parts Fried 2 | . 2 . . Impact Corruptions . | . . . . Robots Melted . | . . . . Combat Hostiles . | . . . . Parts Melted 4 | . 4 . . Heat Transferred 1794 | . 1469 298 27 Parts Sabotaged . | . . . . Parts Stolen . | . . . . Parts Stripped . | . . . . Power Chain Reactions 2 | . 1 1 . Missiles Intercepted . | . . . . Alert | -11 -10 -10 -10 ------- Run | Scr Mat Min Exi Peak Influence 257 | . 257 186 . Average Influence 86 | . 90 90 . Maximum Alert Level 1 | . 1 . . Low Security (%) 89 | 100 82 100 . Level 1 10 | . 17 . . Level 2 . | . . . . Level 3 . | . . . . Level 4 . | . . . . Level 5 . | . . . . High Security . | . . . . Max Security . | . . . . Squads Dispatched 3 | . 3 . . Investigation 1 | . 1 . . Extermination . | . . . . Reinforcement 2 | . 2 . . Assault . | . . . . Garrison . | . . . . Intercept . | . . . . Construction Impeded . | . . . . Haulers Reinforced . | . . . . Stealth | -11 -10 -10 -10 --------- Run | Scr Mat Min Exi Distress Signals . | . . . . Communications Jammed . | . . . . Distress Signals . | . . . . Times Spotted 38 | . 24 6 8 Peak Tracking Total 9 | . 5 3 9 Tactical Retreats . | . . . . Traps | -11 -10 -10 -10 ------- Run | Scr Mat Min Exi Traps Triggered 1 | . 1 . . Indirectly . | . . . . Trap Hack Attempts . | . . . . Triggered . | . . . . Disarmed . | . . . . Reprogrammed . | . . . . Reused . | . . . . Traps Extracted . | . . . . Installed . | . . . . Triggered . | . . . . Machines | -11 -10 -10 -10 ---------- Run | Scr Mat Min Exi Machines Disabled 5 | . 1 . 4 Max in Single Turn 1 | . 1 . 1 Machines Sabotaged . | . . . . Garrisons Compromised . | . . . . Overloaded Fab Kills . | . . . . Fab Network Shutdowns . | . . . . Hacking | -11 -10 -10 -10 --------- Run | Scr Mat Min Exi Machines Accessed 2 | . 2 . . Terminals 2 | . 2 . . Fabricators . | . . . . Repair Stations . | . . . . Recycling Units . | . . . . Scanalyzers . | . . . . Garrison Access . | . . . . Total Hacks 2 | . 2 . . Successful 2 | . 2 . . Failed . | . . . . Catastrophic . | . . . . Database Lockouts . | . . . . Manual . | . . . . Terminals 2 | . 2 . . Fabricators . | . . . . Repair Stations . | . . . . Recycling Units . | . . . . Scanalyzers . | . . . . Garrison Access . | . . . . Terminal Hacks 2 | . 2 . . Dispatch Records 1 | . 1 . . Surveillance Status 1 | . 1 . . Fabricator Hacks . | . . . . Repair Station Hacks . | . . . . Recycling Unit Hacks . | . . . . Scanalyzer . | . . . . Garrison Access Hacks . | . . . . Unauthorized Hacks . | . . . . Terminals . | . . . . Fabricators . | . . . . Repair Stations . | . . . . Recycling Units . | . . . . Scanalyzers . | . . . . Garrison Access . | . . . . Data Cores Recovered 1 | . 1 . . Used 1 | . 1 . . Hacking Detections 1 | . 1 . . Full Trace Events . | . . . . Feedback Events . | . . . . Feedback Blocked . | . . . . Robot Schematics Acquired . | . . . . Robots Built . | . . . . Matter . | . . . . Time . | . . . . Total Robot Build Rating . | . . . . Part Schematics Acquired . | . . . . Parts Built . | . . . . Matter . | . . . . Time . | . . . . Total Part Build Rating . | . . . . Parts Repaired . | . . . . Time . | . . . . Parts Recycled . | . . . . Recycled Matter . | . . . . Retrieved Matter . | . . . . Retrieved Components . | . . . . Parts Scanalyzed . | . . . . Part Schematics Acquired . | . . . . Parts Damaged . | . . . . Bothacking | -11 -10 -10 -10 ------------ Run | Scr Mat Min Exi Used RIF Installer . | . . . . Robots Hacked . | . . . . Non-combat . | . . . . Combat . | . . . . Robot Hacks Applied . | . . . . Relay Couplers Released . | . . . . Robots Rewired . | . . . . Allies Hacked . | . . . . Hacks Repelled . | . . . . Allies | -11 -10 -10 -10 -------- Run | Scr Mat Min Exi Total Allies 3 | . . 3 . Largest Group 3 | . . 3 3 Highest-Rated Group 40 | . . 40 40 Highest-Rated Ally 16 | . . 16 16 Total Orders . | . . . . Ally Attacks 12 | . . . 12 Total Damage 9 | . . . 9 Kills . | . . . . Allies Corrupted . | . . . . Allies Melted . | . . . . Intel | -11 -10 -10 -10 ------- Run | Scr Mat Min Exi Robot Analysis Total . | . . . . Derelict Logs Recovered . | . . . . Drone Launches . | . . . . Drone Recoveries . | . . . . Exploration | -11 -10 -10 -10 ------------- Run | Scr Mat Min Exi Turns Passed 1555 | 60 844 515 136 Spaces Moved 789 | 38 393 297 61 Core 13 | 13 . . . Treads 776 | 25 393 297 61 Legs . | . . . . Wheels . | . . . . Hover . | . . . . Flight . | . . . . Fastest Speed 50 | 50 160 160 160 Average Speed 158 | 138 160 160 160 Slowest Speed 160 | 160 160 160 160 Overloaded Moves . | . . . . Propulsion Burnouts . | . . . . Robots Hopped . | . . . . Cave-ins Triggered . | . . . . Exploration Rate (%) 38 | 4 84 56 10 Regions Visited 3 Branch Regions 2 Pre-discovered Areas . | . . . . Known Exits Taken 2 | . 1 1 . Unknown Exits Taken 1 | 1 . . . Scrap Searched . | . . . . Spaces Dug . | . . . . Terrain Destroyed 7 | . 5 2 . Melee . | . . . . Projectile . | . . . . AOE 7 | . 5 2 . Actions | -11 -10 -10 -10 --------- Run | Scr Mat Min Exi Total 964 | 43 517 323 81 Wait 50 | . 44 6 . Move 786 | 37 392 296 61 Hop . | . . . . Pick Up 4 | 1 2 1 . Fast Attach 10 | 5 5 . . Attach 2 | . . 1 1 Detach . | . . . . Swap 4 | . 3 1 . Drop 5 | . 5 . . Fire 87 | . 55 13 19 Melee . | . . . . Ram . | . . . . Kick . | . . . . Crush . | . . . . Escape Stasis . | . . . . Rewire . | . . . . Trap . | . . . . Miscellaneous 16 | . 11 5 . Route ------- -11/Scrapyard -10/Materials (discovered 3 exits: *Mat x2 / *Min) -10/Mines (discovered 3 exits: *Mat x2 / *Exi) -10/Exiles History --------- Turn | Location | Event 1 | -11/Scrapyard | Upgraded with Propulsion slot (x1) 1 | -11/Scrapyard | Upgraded with Utility slot (x1) 1 | -11/Scrapyard | Upgraded with Weapon slot (x1) 7 | -11/Scrapyard | Discovered new exit (range 15) 61 | -11/Scrapyard | Entered Materials 301 | -10/Materials | Discovered new exit (range 13) 307 | -10/Materials | Build established: Mutant 414 | -10/Materials | Discovered new exit (range 16) 825 | -10/Materials | Discovered new exit (range 10) 904 | -10/Materials | Identified exit to Mines 905 | -10/Materials | Entered Mines 907 | -10/Mines | Reached level 2 1015 | -10/Mines | Upgraded with Weapon slot (x1) 1228 | -10/Mines | Found a damaged Exp. Sensor Array with a note attached 1241 | -10/Mines | Found Prototype Device 1275 | -10/Mines | Discovered new exit (range 7) 1294 | -10/Mines | Identified exit to Materials 1307 | -10/Mines | Discovered exit to Materials (range 8) 1343 | -10/Mines | Assisted by bots powering up and referring to "LRC-V3" 1410 | -10/Mines | Deemed a non-threat by the Exiles lab entrance 1410 | -10/Mines | Discovered new exit (range 5) 1416 | -10/Mines | Identified exit to Exiles 1420 | -10/Mines | Entered Exiles 1420 | -10/Exiles | Accompanied by 3 allies 1486 | -10/Exiles | Met 8R-AWN 1524 | -10/Exiles | Attacked by the Exiles 1538 | -10/Exiles | Core integrity fell below 50% 1551 | -10/Exiles | Core integrity fell below 20% 1556 | -10/Exiles | Destroyed by as-95817 with Assembled Rifle Last Messages --------------- 01545_ as-74759 destroyed. 01545_ Penetrated by HV Slug. 01545_ HV Slug penetrates Wall. 01545_ Penetrated by HV Slug. 01545_ Critical hit. 01545_ Med. Laser destroyed. 01545_ HV Slug penetrates Wall. 01547_ Penetrated by HV Slug. 01547_ HV Slug penetrates Wall. 01547_ Penetrated by HV Slug. 01547_ HV Slug penetrates Wall. 01549_ Penetrated by HV Slug. 01549_ HV Slug penetrates Wall. 01549_ Penetrated by HV Slug. 01549_ HV Slug penetrates Earth. 01552_ Penetrated by HV Slug. 01552_ HV Slug penetrates Earth. 01552_ Penetrated by HV Slug. 01552_ HV Slug penetrates Earth. 01554_ HV Slug penetrates Wall. Map ----- +----------------------------------------------------+ | ?????????????????????????????????????????????????? | | ?????????????????????????????????????????????????? | | ?????????????????????????????????????????????????? | | ?????????????????????????????????????????????????? | | ?????????????????????????????????????????????????? | | ?????????????????????????????????????????????????? | | ?????????????????????????????????????????????????? | | ?????????????????????????????????????????????????? | | ???????????????????????????????????????? ????????? | | ???????????????????????????????????????? ??????? | | ???????????????????????????????????????? ?????? | | ???????????????????????????????????????# #?????? | | ?????????????????????????????????????## ##????? | | ?????????????????????????????????????# #????? | | ?????????????????###?????????????????# #????? | | ????????????????##" ????????????????## ?????? | | ????????????????#" ??????????????## #??????? | | ???????????????## #????????????## #??????? | | ?????????????### ###??????##;##g #???????? | | ?????????????# g#######;;; #???????? | | ????????????## = aaa !%# ; #????????? | | ????????????# *% aa [= ##???????? | | ????????? ## a #???????? | | ???????????????????## ##??????? | | ???????????????????#"" ;;;" ###????? | | ???????????????????#####;@# #### * ###??? | | ???????????????????????# # ?####" ##?? | | ???????????????????????## #?# #????### #?? | | ????????????????????????# #??##??????### #?? | | ????????????????????????# #????????????### #?? | | ????????????????????????###?????????????# ##? | | ????????????????????????????????????????#### ## | | ???????????????????????????????????????????# | | ???????????????????????????????????????????## | | ????????????????????????????????????????????### | | ??????????????????????????????????????????????# | | ??????????????????????????????????????????????## | | ???????????????????????????????????????????????### | | ?????????????????????????????????????????????????? | | ?????????????????????????????????????????????????? | | ?????????????????????????????????????????????????? | | ?????????????????????????????????????????????????? | | ?????????????????????????????????????????????????? | | ?????????????????????????????????????????????????? | | ?????????????????????????????????????????????????? | | ?????????????????????????????????????????????????? | | ?????????????????????????????????????????????????? | | ?????????????????????????????????????????????????? | | ?????????????????????????????????????????????????? | | ?????????????????????????????????????????????????? | +----------------------------------------------------+ Best States ------------- Heat Dissipation 43 Energy Generation 19 Energy Capacity 300 Matter Stores 300 Matter Capacity 300 Sight Range 19 Terrain Scan Density 10 Evasion (%) 40 Targeting Accuracy 5 Recoil Reduction 2 Item Schematics ----------------- None Robot Schematics ------------------ None Fabricated ------------ Nothing Alien Tech Used ----------------- None Achievements -------------- None Challenges ------------ None RPGLIKE | -11 -10 -10 -10 --------- Run | Scr Mat Min Exi Levels Raised 1 | . . 1 . XP Earned 5895 | 3000 1495 1200 200 XP Spent 4485 | 3000 . 1485 . Upgrades 14 | 9 . 5 . Propulsion Slot 1 | 1 . . . Utility Slot 1 | 1 . . . Weapon Slot 2 | 1 . 1 . Heat Dissipation 3 | 1 . 2 . Energy Generation 1 | . . 1 . Energy Storage 2 | 1 . 1 . Inventory Capacity 2 | 2 . . . Sight Range 1 | 1 . . . Ranged Accuracy 1 | 1 . . . Protomatter Created 208 | . 157 51 . Integrity Restored 284 | . 200 84 . Core 272 | . 188 84 . Parts 12 | . 12 . . Protomatter Decayed 97 | . 83 14 . Game ------ Seed MiniOpticalArmor Manual? 0 Play Time 00:17:50 Cumulative 65.8 hours Start 2020.01.01 @ 09:09:28 End 2020.01.01 @ 09:25:09 Sessions 1 Manual Loads 0 Difficulty Rogue Special Mode Winter2019/RPGLIKE Game No. 81 Rogue 81 Adventurer 0 Explorer 0 Win Type - Total 0 Types 0/0/0/0/0/0/0 Lore% 11 Gallery% 30 Achievement% 20 Wizard Run 0 Options --------- ASCII 0 Keyboard 0 Movement Mouse Keybinds 0 Fullscreen 1 Font 18/SmallcapsGlow Map View 76x50 Tactical HUD 1 Map Filters NONE Filters NONE Steam 1 RUN: 762f76f3-16d0-42d0-b841-6c5db32cb2c1